 Dungeon Crawl Stone Soup version 0.23-a0-481-g60b89c1 (webtiles) character file.

77 XanderDroid the Skirmisher (level 4, -2/41 HPs)
             Began as a Gnoll Wanderer on Nov 29, 2018.
             Killed from afar by an orc wizard (8 damage)
             ... with a magic dart
             ... on level 3 of the Dungeon.
             The game lasted 00:04:16 (1167 turns).

XanderDroid the Skirmisher (Gnoll Wanderer)         Turns: 1167, Time: 00:04:17

Health: -2/41      AC:  3    Str: 16    XL:     4   Next: 33%
Magic:  14/14      EV: 15    Int: 14    God:
Gold:   130        SH:  0    Dex: 14    Spells: 5/5 levels left

rFire    . . .     SeeInvis .   d - +2 dagger
rCold    . . .     Gourm    .   (no shield)
rNeg     . . .     Faith    .   h - +0 leather armour
rPois    .         Spirit   .   (no helmet)
rElec    .         Reflect  .   (no cloak)
rCorr    .         Harm     .   (no gloves)
MR       .....                  (no boots)
Stlth    +++.......             (no amulet)
HPRegen  0.13/turn              g - +3 ring of evasion
MPRegen  0.14/turn              m - ring of magical power

@: no status effects
A: distributed training, fangs 1, strong nose
a: no special abilities


You were on level 3 of the Dungeon.
You were not hungry.

You visited 1 branch of the dungeon, and saw 3 of its levels.

You collected 130 gold pieces.

Inventory:

Hand Weapons
 d - a +2 dagger (weapon)
Armour
 h - a +0 leather armour (worn)
Jewellery
 g - a +3 ring of evasion (left hand)
 m - a ring of magical power (right hand)
Scrolls
 e - a scroll of noise {unknown}
 i - 2 scrolls of identify {unknown}
 k - a scroll of teleportation {unknown}
 l - a scroll of remove curse {unknown}
Potions
 b - a potion of haste
 c - a potion of lignification
 j - a potion of mutation {unknown}
Comestibles
 a - 5 chunks of flesh
 f - a ration


   Skills:
 + Level 6.6 Fighting
 + Level 4.6 Short Blades
 + Level 1.1 Long Blades
 + Level 1.1 Axes
 + Level 1.1 Maces & Flails
 + Level 1.1 Polearms
 + Level 2.7 Staves
 + Level 1.1 Slings
 + Level 1.1 Bows
 + Level 1.1 Crossbows
 + Level 1.1 Throwing
 + Level 1.1 Armour
 + Level 2.7 Dodging
 + Level 6.0 Stealth
 + Level 1.1 Shields
 + Level 1.1 Unarmed Combat
 + Level 1.1 Spellcasting
 + Level 0.8 Conjurations
 + Level 0.8 Hexes
 + Level 0.8 Charms
 + Level 0.8 Summonings
 + Level 0.8 Necromancy
 + Level 0.8 Translocations
 + Level 0.8 Transmutations
 + Level 0.8 Fire Magic
 + Level 0.8 Ice Magic
 + Level 0.8 Air Magic
 + Level 0.8 Earth Magic
 + Level 0.8 Poison Magic
 + Level 1.2 Invocations
 + Level 1.1 Evocations


You had 5 spell levels left.
You didn't know any spells.
Your spell library was empty.

Dungeon Overview and Level Annotations

Branches:
Dungeon (3/15)

Altars:
Fedhas
Zin


Innate Abilities, Weirdness & Mutations

Your experience applies equally to all skills.
You have very sharp teeth.
Your uncanny sense of smell can sniff out nearby items.


Message History

The orc hits you with a +0 hand axe.
The orc wizard begins to cast a cantrip, but forgets the words!
Some of the chunks of flesh in your inventory have rotted away.
You see here an orc corpse.
You hit the orc wizard.
The orc wizard is moderately wounded.
The orc completely misses you.
The orc wizard hits you but does no damage.
The orc wizard points at you and mumbles some strange words.
The puff of frost hits you!
The orc priest begins to cast a cantrip, but forgets the words!
The orc wizard casts a spell at you. The magic dart hits you!
There is a stone staircase leading up here.
The orc priest calls down the wrath of Beogh upon you.
Beogh smites you!
* * * LOW HITPOINT WARNING * * *
The orc wizard casts a spell at you. The magic dart hits you!
You die...

#.#
#.#
#.#
#o#
#o#
#.#
#o#
#o#
#@#
###
∆


You could see an orc priest, an orc wizard and 2 orcs.

Vanquished Creatures
  2 adders (D:2)
  A gnoll (D:1)
  An ooze (D:2)
  A dart slug (D:2)
  2 orcs
  3 giant cockroaches (D:2)
  5 goblins
  2 hobgoblins
  4 jackals (D:2)
  3 kobolds
  A quokka (D:2)
  6 bats
  A frilled lizard (D:2)
  8 rats
40 creatures vanquished.

Notes
Turn   | Place    | Note
-------+----------+-------------------------------------------
     0 | D:1      | XanderDroid the Gnoll Wanderer began the quest for the Orb.
     0 | D:1      | XanderDroid set off with the following items: a +2 dagger,
                  | a potion of haste, a potion of lignification, a +0 short
                  | sword, a +0 robe, a ration
     0 | D:1      | Reached XP level 1. HP: 23/23 MP: 1/1
   200 | D:1      | Reached XP level 2. HP: 29/29 MP: 2/2
   529 | D:2      | Found a glowing silver altar of Zin.
   562 | D:2      | Reached XP level 3. HP: 35/35 MP: 3/3
   594 | D:2      | Reached skill level 1 in Invocations
   807 | D:2      | Reached skill level 1 in Long Blades
   807 | D:2      | Reached skill level 1 in Axes
   807 | D:2      | Reached skill level 1 in Maces & Flails
   807 | D:2      | Reached skill level 1 in Polearms
   807 | D:2      | Reached skill level 1 in Slings
   807 | D:2      | Reached skill level 1 in Bows
   807 | D:2      | Reached skill level 1 in Crossbows
   807 | D:2      | Reached skill level 1 in Throwing
   807 | D:2      | Reached skill level 1 in Armour
   807 | D:2      | Reached skill level 1 in Shields
   807 | D:2      | Reached skill level 1 in Unarmed Combat
   807 | D:2      | Reached skill level 1 in Spellcasting
   807 | D:2      | Reached skill level 1 in Evocations
   855 | D:2      | Reached XP level 4. HP: 40/41 MP: 5/5
   885 | D:2      | Found a blossoming altar of Fedhas.
  1167 | D:3      | Killed from afar by an orc wizard

Vault maps used:
D:1:      minmay_arrival_wavy_path
D:2:      lemuel_crystal_altar, lemuel_crystal_altar
D:3:      uniq_terence

Skill      XL: |  1  2  3 |
---------------+----------+-----
Stealth        | 6 |  6.0
Invocations    | 1 |  1.2
Long Blades    | 1 |  1.1
Axes           | 1 |  1.1
Maces & Flails | 1 |  1.1
Polearms       | 1 |  1.1
Slings         | 1 |  1.1
Bows           | 1 |  1.1
Crossbows      | 1 |  1.1
Throwing       | 1 |  1.1
Armour         | 1 |  1.1
Shields        | 1 |  1.1
Unarmed Combat | 1 |  1.1
Spellcasting   | 1 |  1.1
Evocations     | 1 |  1.1
Fighting       | |  6.6
Short Blades   | |  4.6
Staves         | |  2.7
Dodging        | |  2.7
Conjurations   | |  0.8
Hexes          | |  0.8
Charms         | |  0.8
Summonings     | |  0.8
Necromancy     | |  0.8
Translocations | |  0.8
Transmutations | |  0.8
Fire Magic     | |  0.8
Ice Magic      | |  0.8
Air Magic      | |  0.8
Earth Magic    | |  0.8
Poison Magic   | |  0.8

Action                   |  1- 3 |  4- 6 || total
-------------------------+-------+-------++-------
Melee: Dagger            |    97 |    26 ||   123
       Bite              |    11 |       ||    11
       Punch             |     2 |       ||     2
 Stab: Sleeping          |     6 |     4 ||    10
  Eat: Chunk             |       |     1 ||     1
Armor: Leather armour    |    12 |       ||    12
Dodge: Dodged            |    59 |    17 ||    76

Table legend:
 A = Non-vault XP
 B = Vault XP
 C = Vault XP percentage of total XP
 D = Non-vault monster count
 E = Vault monster count
 F = Vault count percentage of total count
                 A         B        C        D         E       F
            +---------+---------+-------+---------+---------+-------
      Total |     110 |       0 |   0.0 |      40 |       0 |   0.0
            +---------+---------+-------+---------+---------+-------
        D:1 |      29 |       0 |   0.0 |      11 |       0 |   0.0
        D:2 |      78 |       0 |   0.0 |      28 |       0 |   0.0
        D:3 |       3 |       0 |   0.0 |       1 |       0 |   0.0
            +---------+---------+-------+---------+---------+-------
